Map: Kairos Junction LE

Players

MaulerX - Winner!

  • Race: Protoss Protoss
  • League: Diamond
  • Spawn Location: 5:00

llllllllllll

  • Race: Terran Terran
  • League: Platinum
  • Spawn Location: 11:00

VOD

Have the link to the VOD?

Description

Time

  • Played on: July 7, 2019, 9:35 a.m.
  • Length: 12:07
Show
View Real Time Build Order
Export as new Build Order

MaulerX Protoss - Winner!

Build Orders: Blink Stalkers 

Get SALT Encoding   

  12  0:01  Probe  
  13  0:13  Probe  
  14  0:17  Pylon  
  14  0:24  Probe  
  15  0:32  Probe  
  15  0:39  Gateway  
  15  0:40  Probe  
  17  0:50  Assimilator  
  17  0:55  Probe  
  18  1:11  Probe  
  19  1:19  Probe  
  20  1:37  Probe  
  21  1:50  Probe  
  22  1:56  Gateway  
  22  2:00  Cybernetics Core  
  22  2:03  Assimilator, Probe  
  23  2:09  Pylon  
  22  2:26  Pylon  
  22  2:27  Zealot  
  24  2:31  Probe  
  24  2:32  Warp Gate  
  25  2:42  Robotics Facility  
  25  2:45  Twilight Council  
  25  2:51  Probe  
  26  2:55  Stalker  
  28  3:00  Stalker  
  30  3:09  Probe  
  31  3:18  Blink, Pylon  
  30  3:47  Observer  
  30  3:48  Nexus  
  31  3:54  Shield Battery  
  31  4:08  Immortal  
  35  4:11  Gateway  
  35  4:25  Probe  
  35  4:28  Stalker  
  38  4:35  Stalker  
  38  4:37  Probe  
  41  4:47  Observer  
  41  4:49  Probe  
  43  4:59  Probe  
  42  5:02  Probe  
  42  5:04  Stalker  
  46  5:07  Probe  
  46  5:08  Observer  
  46  5:10  Probe  
  48  5:14  Observer  
  48  5:19  Charge  
  49  5:35  Stalker x2  
  53  5:36  Probe x2  
  53  5:38  Assimilator  
  53  5:40  Assimilator  
  55  5:48  Probe, Stalker  
  58  5:55  Observer  
  59  6:07  Nexus, Stalker  
  59  6:08  Shield Battery  
  59  6:10  Pylon  
  61  6:17  Pylon  
  61  6:20  Forge  
  61  6:34  Stalker x3  
  67  6:51  Immortal  
  71  6:54  Probe x2  
  73  7:02  Probe x2  
  75  7:11  Protoss Ground Weapons Level 1, Probe x2  
  77  7:23  Probe  
  77  7:27  Zealot x3  
  84  7:34  Probe  
  84  7:35  Probe  
  86  7:40  Shield Battery  
  86  7:45  Templar Archives  
  86  7:47  Pylon  
  86  7:48  Forge  
  86  7:49  Probe x2  
  88  7:57  Gateway  
  88  7:59  Pylon  
  88  8:03  Shield Battery, Probe  
  88  8:04  Probe  
  90  8:32  Zealot x2  
  94  8:36  Nexus  
  94  8:43  Pylon  
  94  8:53  Pylon  
  94  9:01  Probe x2  
  94  9:02  Pylon, Psionic Storm  
  96  9:05  Protoss Ground Weapons Level 2, Protoss Ground Armor Level 1  
  96  9:07  Assimilator  
  96  9:10  Assimilator  
  96  9:14  High Templar x4  
  104  9:18  Pylon  
  104  9:36  Observer  
  104  9:41  Shield Battery  
  104  9:42  Shield Battery  
  104  9:44  Shield Battery  
  105  10:00  Zealot x3  
  105  10:01  Zealot  
  113  10:15  Immortal  
  113  10:16  Resonating Glaives  
  117  10:21  High Templar x2  
  117  10:22  High Templar x2  
  125  10:47  Observer  
  126  11:09  Immortal  
  124  11:41  Zealot  
  124  11:42  Zealot x3  
Show
View Real Time Build Order
Export as new Build Order

llllllllllll Terran 

Build Orders:  

Get SALT Encoding   

  12  0:05  SCV  
  13  0:17  SCV  
  13  0:20  Supply Depot  
  14  0:29  SCV  
  15  0:45  Barracks  
  15  0:47  SCV  
  16  0:59  SCV  
  16  1:01  Refinery  
  17  1:18  Engineering Bay  
  17  1:43  Marine  
  18  1:56  Command Center  
  18  2:01  Marine  
  19  2:04  Missile Turret  
  19  2:23  Orbital Command  
  19  2:32  Marine  
  19  2:33  Supply Depot  
  20  2:54  Factory  
  20  3:05  Barracks  
  20  3:11  Marine  
  21  3:21  Orbital Command  
  21  3:33  Engineering Bay  
  21  3:42  Engineering Bay  
  21  3:43  Marine  
  22  4:00  Marine  
  23  4:07  Barracks Tech Lab  
  23  4:12  Refinery  
  23  4:14  Missile Turret  
  23  4:18  Supply Depot, Factory Reactor  
  23  4:19  Starport  
  23  4:20  SCV  
  23  4:22  SCV  
  25  4:25  Marine  
  25  4:31  Stimpack  
  26  4:40  Terran Infantry Weapons Level 1  
  26  4:44  Marine x2  
  28  4:49  SCV  
  28  4:50  SCV  
  30  5:07  Supply Depot  
  30  5:10  Supply Depot  
  31  5:14  SCV x2  
  32  5:21  Medivac  
  32  5:27  Medivac  
  36  5:31  Barracks Reactor  
  36  5:33  Marine  
  37  5:39  SCV  
  38  5:45  Terran Infantry Armor Level 1  
  38  5:51  Marine  
  39  5:59  Armory  
  39  6:08  Marine  
  39  6:09  Marine x2  
  42  6:14  Medivac  
  44  6:20  Refinery  
  44  6:26  Marine x2  
  47  6:35  Marauder  
  47  6:36  SCV x2  
  50  6:44  Marine x2  
  52  6:52  Barracks  
  52  6:53  Medivac, Barracks  
  54  6:57  Medivac  
  54  7:00  SCV x2  
  58  7:07  Marine  
  59  7:09  Marauder, Marine  
  62  7:29  Medivac  
  64  7:30  Ghost Academy  
  64  7:31  Marine x2  
  66  7:43  Barracks Tech Lab  
  66  7:44  Barracks Tech Lab  
  66  7:46  Marauder  
  66  7:49  Marine  
  69  8:12  Marauder  
  41  8:38  Marine  
  41  8:39  Marine  
  49  8:44  Command Center  
  49  8:56  SCV, Marine  
  51  9:06  Marauder x2, Unknown x3  
  55  9:12  Refinery  
  55  9:23  Marauder  
  57  9:28  Marine x2, Marauder x2  
  62  9:45  Marauder  
  68  9:46  Marine x2  
  68  9:48  Medivac  
  68  9:49  Marauder  
  70  9:58  Supply Depot  
  70  10:01  Supply Depot  
  70  10:03  Supply Depot  
  70  10:07  Supply Depot  
  70  10:11  Supply Depot  
  70  10:18  Command Center, Concussive Shells, Combat Shield  
  70  10:20  Medivac, Marauder, Marine  
  75  10:32  Marauder x2  
  79  10:55  Marine x2  
  81  11:04  SCV x2  
  82  11:16  SCV x2  
  90  11:40  SCV x2  
  90  11:41  Marine x5  
  95  11:52  SCV x2  
Tags
 
Add a new tag
Caveats
  • Supply blocks, unpowered buildings, or Contaminate may cause inaccurate times.
  • Supply counts are checked every 10 seconds.